[Event "Betsys MČR v online bleskovém šachu 2021"]
[Site "Chess.com"]
[Date "2021.04.17"]
[Round "1"]
[White "martin1804"]
[Black "doktorovak"]
[Result "1-0"]
[WhiteElo "2306"]
[BlackElo "1664"]
[TimeControl "180+1"]
[EndTime "9:07:34 PDT"]
[Termination "Uživatel martin1804 zvítězil na čas"]

1. d4 d5 2. Nf3 e6 3. Bf4 c5 4. e3 Nc6 5. c3 Nge7 6. Nbd2 Ng6 7. Bg3 Bd6 8. Bb5 O-O 9. Qc2 a6 10. Bd3 c4 11. Be2 Re8 12. e4 Bf4 13. e5 Bxd2+ 14.
Qxd2 Nce7 15. Nh4 Bd7 16. O-O b5 17. Nxg6 Nxg6 18. f4 f5 19. exf6 Qxf6 20. Rae1 a5 21. Bg4 Ra6 22. Qf2 b4 23. h4 Nf8 24. h5 h6 25. Bh4 Qf7 26. Qg3 Bc8 27. Re5 Nd7 28. Bd1 Nxe5 29. fxe5 Qd7 30. Bc2 Rf8 31. Bh7+ Kxh7 32. Rxf8 1-0

[Event "Betsys MČR v online bleskovém šachu 2021"]
[Site "Chess.com"]
[Date "2021.04.17"]
[Round "1"]
[White "CrisBenton4"]
[Black "marfuss"]
[Result "0-1"]
[WhiteElo "1425"]
[BlackElo "2105"]
[TimeControl "180+1"]
[EndTime "9:07:34 PDT"]
[Termination "Uživatel marfuss zvítězil matem"]

1. Nf3 f5 2. g3 Nf6 3. Bg2 g6 4.
O-O Bg7 5. d4 d6 6. c4 O-O 7. Nc3 c6 8. Re1 Na6 9. a3 Be6 10. d5 Bf7 11. Bg5 h6 12. Bxf6 Bxf6 13.
Qc2 e5 14. dxe6 Bxe6 15. b3 Nc5 16. Rad1 Qc7 17. Nd4 Bf7 18. Nf3 Rad8 19. e3 a5 20. a4 Qb6 21. Nd2 Qb4 22. f4 Bxc3 23. e4 fxe4 24.
Bxe4 Nxe4 25. Rxe4 Rfe8 26. Rxe8+ Rxe8 27. Nb1 Re1+ 28.
Rxe1 Bxe1 29. Qe2 Qc5+ 30. Kh1 Bb4 31. Qe7 d5 32. Qxc5 Bxc5 33. cxd5 Bxd5# 0-1

[Event "Betsys MČR v online bleskovém šachu 2021"]
[Site "Chess.com"]
[Date "2021.04.17"]
[Round "1"]
[White "Stalri"]
[Black "AdeeJa"]
[Result "1-0"]
[WhiteElo "2190"]
[BlackElo "1539"]
[TimeControl "180+1"]
[EndTime "9:07:35 PDT"]
[Termination "Uživatel Stalri zvítězil matem"]

1. d4 Nf6 2. c4 g6 3. Nc3 Bg7 4. e4 d6 5. Nf3 O-O 6. Be2 e5 7.
Be3 Nc6 8. d5 Ne7 9. Nd2 Ne8 10.
f3 f5 11. Qb3 f4 12. Bf2 Nf6 13. O-O-O Bd7 14. c5 Qe8 15. Qxb7 Rb8 16. Qxc7 Rc8 17.
Qxd6 Qd8 18. c6 Nxc6 19. dxc6 Rxc6 20. Qb4 Qc8 21. Kb1 Re8 22. h4 Be6 23. Bb5 Rc7 24.
Bxe8 Nxe8 25. h5 Rb7 26. Qa3 Nc7 27. hxg6 hxg6 28. Rc1 Qd7 29. Rhd1 Nb5 30. Nxb5 Qxb5 31. Nb3 Bf8 32. Bc5 Bxc5 33. Qxc5 Qe2 34. Rd8+ Kg7 35.
Qf8+ Kh7 36. Qh8# 1-0

[Event "Betsys MČR v online bleskovém šachu 2021"]
[Site "Chess.com"]
[Date "2021.04.17"]
[Round "1"]
[White "Terilka"]
[Black "conysek"]
[Result "0-1"]
[WhiteElo "1450"]
[BlackElo "2115"]
[TimeControl "180+1"]
[EndTime "9:07:36 PDT"]
[Termination "Uživatel conysek zvítězil na čas"]

1. d4 e6 2. Nf3 Nf6 3. e3 c5 4. Bd3 d5 5. c3 c4 6. Bc2 Nc6 7. b3 cxb3 8. axb3 Bd6 9. c4 dxc4 10. bxc4 O-O 11. Nc3 Nb4 12. Bb1 b6 13. e4 Be7 14.
O-O Bb7 15. Ng5 h6 16. Nf3 Qc7 17. Qe2 Rfc8 18. Nd2 e5 19. dxe5 Qxe5 20. Nf3 Qxc3 21. Bb2 Qxc4 22. Qe3 Qe6 23. Nd4 Qg4 24. f3 Qg5 25.
Qf2 Bc5 26. Kh1 Rd8 27. Rd1 Nc6 28. Qc2 Nxd4 29. Bxd4 Rxd4 30. Ba2 Rxd1+ 31. Rxd1 Rf8 32. Qc4 a5 33. Qb5 Nxe4 0-1

[Event "Betsys MČR v online bleskovém šachu 2021"]
[Site "Chess.com"]
[Date "2021.04.17"]
[Round "1"]
[White "sajmon8"]
[Black "xnepom"]
[Result "0-1"]
[WhiteElo "1617"]
[BlackElo "2250"]
[TimeControl "180+1"]
[EndTime "9:07:37 PDT"]
[Termination "Uživatel xnepom zvítězil po vzdání soupeře"]

1. e4 c5 2. Nf3 Nc6 3. d4 cxd4 4. Nxd4 Nf6 5. Nc3 e5 6. Ndb5 d6 7. Bg5 a6 8. Na3 b5 9. Nd5 Be7 10. Bxf6 Bxf6 11. c3 O-O 12. Nc2 Bg5 13. Nce3 Ne7 14. Be2 Bb7 15. Bf3 Nxd5 16. Nxd5 Bxd5 17. Qxd5 Qb6 18. Rd1 Rfd8 19. O-O Rac8 20. Bg4 Rc5 21. Qd3 g6 22. Ra1 a5 23. Rfb1 d5 24. Rd1 dxe4 25. Qxe4 Rc4 26. Qxe5 Rxg4 27. h3 Rf4 28.
Qxg5 Qxf2+ 29. Kh1 Re8 30. Qxb5 Re2 31. Qg5 Rf5 32.
Qg4 Rxb2 33. Rf1 Qxf1+ 34. Rxf1 Rxf1+ 35. Kh2 Rff2 36. Qc8+ Kg7 37. Qc4 Rxg2+ 38. Kh1 Rgd2 39. Qc5 Rb1+ 0-1

[Event "Betsys MČR v online bleskovém šachu 2021"]
[Site "Chess.com"]
[Date "2021.04.17"]
[Round "1"]
[White "JuliliaR"]
[Black "tomasPardubice"]
[Result "0-1"]
[WhiteElo "1354"]
[BlackElo "2076"]
[TimeControl "180+1"]
[EndTime "9:07:38 PDT"]
[Termination "Uživatel tomasPardubice zvítězil na čas"]

1. d4 Nf6 2. c4 e6 3. Nc3 Bb4 4. Qc2 d5 5. Nf3 O-O 6. Bg5 h6 7. Bh4 c6 8. e3 Nbd7 9. Be2 Qa5 10. O-O Bxc3 11. bxc3 Ne4 12. Rfc1 f5 13. Nd2 Ndf6 14. f3 Nxd2 15. Qxd2 Bd7 16. Rcb1 Qc7 17. Bg3 Qc8 18.
cxd5 cxd5 19. Rc1 Qe8 20. c4 Bc6 21. cxd5 Nxd5 22. Rab1 Qf7 23. e4 fxe4 24. fxe4 Nf4 25. Bxf4 Qxf4 26. Qxf4 Rxf4 27. Bc4 Rxe4 28. Re1 Rxd4 29.
Bxe6+ Kh8 30. Bf5 Rd2 31. Be4 Re8 32. Bxc6 Rxe1+ 33. Rxe1 bxc6 34. Re6 Rxa2 35. Rxc6 a5 36. Rc8+ Kh7 37. Ra8 a4 38. h3 h5 39. Kh2 h4 40. Kg1 a3 41. Kf1 Kg6 42. Ra5 Ra1+ 43. Ke2 a2 44. Kf2 Kf6 45. Ke2 Rg1 46. Kf2 a1=Q 0-1

[Event "Betsys MČR v online bleskovém šachu 2021"]
[Site "Chess.com"]
[Date "2021.04.17"]
[Round "1"]
[White "Federer302"]
[Black "rolkento"]
[Result "0-1"]
[WhiteElo "1637"]
[BlackElo "2273"]
[TimeControl "180+1"]
[EndTime "9:07:40 PDT"]
[Termination "Uživatel rolkento zvítězil matem"]

1. d4 d5 2. c4 c6 3. Nc3 Nf6 4.
cxd5 cxd5 5. Bf4 Nc6 6. Nf3 e6 7. e3 Bd6 8. Bxd6 Qxd6 9. Be2 O-O 10. O-O a6 11. a3 Bd7 12. Rc1 Rfc8 13. h3 b5 14. Nh2 Na5 15. Ng4 Nxg4 16. Bxg4 Nc4 17. Rc2 Nxb2 18. Rxb2 Rxc3 19. Rb3 Rac8 20. Rxc3 Rxc3 21.
a4 bxa4 22. Be2 Bb5 23. Qd2 Qc6 24. Ra1 g6 25. Kh2 Rc2 26. Bxb5 axb5 27. Qd1 Rxf2 28. Rc1 Qd6+ 29. Kg1 Qg3 30. Rc8+ Kg7 31. Qg4 Rxg2+ 32.
Kf1 Qf2# 0-1

[Event "Betsys MČR v online bleskovém šachu 2021"]
[Site "Chess.com"]
[Date "2021.04.17"]
[Round "1"]
[White "vadoto"]
[Black "Vitana"]
[Result "0-1"]
[WhiteElo "1285"]
[BlackElo "2018"]
[TimeControl "180+1"]
[EndTime "9:07:41 PDT"]
[Termination "Uživatel Vitana zvítězil matem"]

1. e4 e6 2. d4 d5 3. e5 c5 4.
c3 Nc6 5. Nf3 Bd7 6. Be2 Qb6 7.
O-O Nge7 8. Nbd2 cxd4 9. cxd4 Nxd4 10. Nxd4 Qxd4 11. Nf3 Qxd1 12. Rxd1 Ng6 13. Be3 Be7 14. Rac1 Bc6 15. Rd3 O-O 16. Rdc3 Rfc8 17. Nd4 Bd7 18. Rxc8+ Rxc8 19. Rxc8+ Bxc8 20. f4 a6 21. Nb3 Bd7 22.
g3 Kf8 23. Bc5 Ke8 24. Kf2 Bc6 25. Ke3 Nf8 26. Kd4 Nd7 27. Bxe7 Kxe7 28. Bd3 h6 29. Na5 Nb8 30. Kc5 Kd7 31. Kb6 Kc8 32. b3 Nd7+ 33. Ka7 Kc7 34. Nxc6 Kxc6 35. a4 Nc5 36. Bc2 d4 37. h4 d3 38. Kb8 dxc2 39. Kc8 c1=Q 40. Kd8 Qd2+ 41. Ke8 Qd7+ 42. Kf8 f5 43. Kg8 Nxb3 44.
Kh7 b5 45. Kg6 bxa4 46. Kh5 Qf7# 0-1

[Event "Betsys MČR v online bleskovém šachu 2021"]
[Site "Chess.com"]
[Date "2021.04.17"]
[Round "1"]
[White "VojtaT"]
[Black "Krvelacny_krecek"]
[Result "0-1"]
[WhiteElo "1729"]
[BlackElo "2379"]
[TimeControl "180+1"]
[EndTime "9:07:43 PDT"]
[Termination "Uživatel Krvelacny_krecek zvítězil na čas"]

1. e4 e5 2. Nf3 Nc6 3. Bb5 a6 4. Ba4 Nge7 5. d3 g6 6. O-O Bg7 7. c3 O-O 8. Be3 b5 9. Bc2 d5 10. d4 Bg4 11. h3 Bxf3 12. Qxf3 exd4 13. cxd4 Nxd4 14. Qd1 Nxc2 15. Qxc2 d4 16. Bg5 h6 17.
Bh4 g5 18. Bg3 d3 19. Qxc7 Qxc7 20. Bxc7 Bxb2 21. Bd6 Rfe8 22. Nd2 Bxa1 23. Rxa1 Rad8 24. e5 Nf5 25. Bc7 Rd7 26. Ba5 Rxe5 27. Rd1 Re2 28. Nf3 f6 29. a3 Ra2 30. Bb4 a5 31. Bxa5 Rxa3 32. Bb4 Rb3 33. Be1 Nd4 34. Bd2 Nxf3+ 35.
gxf3 Kf7 36. Be3 Rb2 37. Kf1 b4 38. Ke1 b3 39. Bc1 Re2+ 40. Kf1 b2 41. Be3 Rc2 42.
Ke1 f5 0-1

[Event "Betsys MČR v online bleskovém šachu 2021"]
[Site "Chess.com"]
[Date "2021.04.17"]
[Round "1"]
[White "Danyjel"]
[Black "KajaOl"]
[Result "0-1"]
[WhiteElo "1711"]
[BlackElo "2343"]
[TimeControl "180+1"]
[EndTime "9:07:44 PDT"]
[Termination "Uživatel KajaOl zvítězil na čas"]

1. e4 Nf6 2. e5 Nd5 3. d4 d6 4. exd6 cxd6 5. Nf3 Bg4 6. Be2 Nc6 7. c3 g6 8. O-O Bg7 9. Na3 O-O 10. Nc4 Re8 11.
Ne3 Nxe3 12. Bxe3 e5 13. dxe5 dxe5 14. h3 Be6 15. Bb5 Qc7 16. Qe2 a6 17. Bxc6 Qxc6 18. a3 Bc4 19. Qc2 Bxf1 20. Rxf1 Rad8 21. Rd1 Qc7 22.
Qb3 Rxd1+ 23. Qxd1 Rd8 24. Qb3 h6 25. Bb6 Rd1+ 26.
Qxd1 Qxb6 27. Qe2 Qd6 28. Qd2 Bf8 29. Qxd6 Bxd6 30. Nd2 Kf8 31. Ne4 Be7 32. f3 f5 33.
Nd2 Bd6 34. Kf1 Ke7 35. Ke2 Ke6 36. Nc4 Bc7 37. Ne3 Bb6 38. Nc2 Kd5 39. b3 e4 40. c4+ Ke5 41. Nb4 Bc5 42. Nc2 a5 43. b4 axb4 44. axb4 Bg1 45. b5 b6 0-1

[Event "Betsys MČR v online bleskovém šachu 2021"]
[Site "Chess.com"]
[Date "2021.04.17"]
[Round "1"]
[White "svobodan"]
[Black "Vesselovsky52"]
[Result "0-1"]
[WhiteElo "1669"]
[BlackElo "2322"]
[TimeControl "180+1"]
[EndTime "9:07:45 PDT"]
[Termination "Uživatel Vesselovsky52 zvítězil matem"]

1. e4 c5 2. Nf3 g6 3. d4 Bg7 4.
Nc3 cxd4 5. Nxd4 Nc6 6. Be3 Nf6 7. Bc4 O-O 8. Bb3 d6 9. f3 Qa5 10. Qd2 Nxd4 11. Bxd4 Be6 12. O-O Rfc8 13. Be3 Nd7 14. Bd4 Bxd4+ 15. Qxd4 Qc5 16. Qxc5 Nxc5 17. Rfd1 Kf8 18.
Kf2 a5 19. Bxe6 fxe6 20. a4 Nd7 21. h3 Ne5 22. Kg3 Rc5 23. f4 Nc4 24. b3 Nb2 25.
Rdb1 Rxc3+ 26. Kg4 Rxc2 27. Ra2 Rxg2+ 28. Kf3 Rh2 29. Kg3 Rc2 30. Raxb2 Rac8 31. Rxc2 Rxc2 32.
Rf1 Rc3+ 33. Rf3 Rxf3+ 34. Kxf3 d5 35. exd5 exd5 36. Ke3 Kf7 37. Kd4 e6 38. Kc5 Kf6 39. Kd4 Kf5 40. Ke3 e5 41. fxe5 Kxe5 42. Kd3 g5 43. Ke3 h5 44. Kd3 g4 45. hxg4 hxg4 46.
Ke3 d4+ 47. Ke2 Ke4 48. Kf2 d3 49. Kf1 Kf3 50. Ke1 Ke3 51. b4 axb4 52. a5 b3 53. a6 bxa6 54. Kd1 b2 55. Ke1 b1=R# 0-1

[Event "Betsys MČR v online bleskovém šachu 2021"]
[Site "Chess.com"]
[Date "2021.04.17"]
[Round "1"]
[White "ReceptiveYoyo"]
[Black "Dasty78"]
[Result "1/2-1/2"]
[WhiteElo "1314"]
[BlackElo "2017"]
[TimeControl "180+1"]
[EndTime "9:07:46 PDT"]
[Termination "Remíza dohodou"]

1. d4 Nf6 2. c4 c5 3. e3 cxd4 4. exd4 g6 5. Nf3 Bg7 6. Bd3 O-O 7. O-O d5 8. cxd5 Nxd5 9. Nc3 Nc6 10. Be4 Nf6 11. Bxc6 bxc6 12. Be3 Bg4 13. h3 Be6 14. Re1 Rb8 15. b3 Nd5 16. Nxd5 Bxd5 17. Bf4 Rb4 18. Bd2 Bxf3 19. Qxf3 Rxd4 20. Be3 Rd3 21. Rad1 Rxd1 22.
Rxd1 Qa5 23. a4 c5 24. Qb7 c4 25. bxc4 Qxa4 26. Rd7 Qxc4 27. Qxa7 Qe2 28. Rxe7 Qe1+ 29. Kh2 Bf6 30. Rd7 Be5+ 31. g3 h5 32. Qc5 Bg7 33. Qd5 Qe2 34. Rd8 Qe1 35. Kg2 Qe2 1/2-1/2

[Event "Betsys MČR v online bleskovém šachu 2021"]
[Site "Chess.com"]
[Date "2021.04.17"]
[Round "1"]
[White "CZpeeeter"]
[Black "HCMotorCB"]
[Result "0-1"]
[WhiteElo "1725"]
[BlackElo "2367"]
[TimeControl "180+1"]
[EndTime "9:07:52 PDT"]
[Termination "Uživatel HCMotorCB zvítězil po vzdání soupeře"]

1. d4 d5 2. Nf3 Nf6 3. e3 c6 4.
Bd3 Bg4 5. Nbd2 e6 6. O-O Nbd7 7. h3 Bh5 8. b3 Bd6 9. Bb2 O-O 10. Qe1 Qe7 11.
Ne5 c5 12. f4 Rac8 13. Rc1 a6 14.
a4 Bg6 15. Nxg6 hxg6 16. Nf3 c4 17. bxc4 dxc4 18. Be2 Ne4 19. Bc3 b5 20. axb5 axb5 21. Ba1 b4 22. c3 b3 23. Bb2 Nb6 24. Ne5 Bxe5 25. fxe5 Na4 26. Rb1 Nxb2 27. Rxb2 Qa3 28.
Qc1 Rc7 29. Bf3 Ng5 30. Qa1 Ra7 31. Qxa3 Rxa3 32. Be2 Rc8 33. Rfb1 Rc7 34. Bf3 Rca7 35. Be2 R7a4 36. h4 Ne4 37. Rc1 Ra1 38. Rxa1 Rxa1+ 39. Kh2 Ra4 40. Bf3 Nxc3 41. Bc6 Rb4 42. Kg3 Nd1 43. Rb1 Nxe3 44. Kf3 Nc2 45. Ke2 Nxd4+ 0-1

[Event "Betsys MČR v online bleskovém šachu 2021"]
[Site "Chess.com"]
[Date "2021.04.17"]
[Round "1"]
[White "ffbp3q"]
[Black "Smetanka674"]
[Result "1/2-1/2"]
[WhiteElo "2383"]
[BlackElo "1757"]
[TimeControl "180+1"]
[EndTime "9:07:53 PDT"]
[Termination "Remíza dohodou"]

1. d4 Nf6 2. c4 e5 3. dxe5 Ng4 4. Nf3 Nc6 5. Bf4 Bb4+ 6. Nbd2 Qe7 7. e3 Ngxe5 8. Nxe5 Nxe5 9. Be2 O-O 10. O-O d6 11.
Nb3 Bf5 12. a3 Bc5 13. Nxc5 dxc5 14. Qd5 Rfe8 15. Bxe5 Qxe5 16. Qxe5 Rxe5 17. Rfd1 h6 18. Rd2 c6 19. Rad1 Rae8 20. h3 Re4 21. Bd3 R4e5 22. Bxf5 Rxf5 23. Rd7 b5 24. Rxa7 Re4 25. Rc1 bxc4 26.
Rc7 Rf6 27. Rd1 Re5 28. Rd8+ Kh7 29. Rdc8 Rd5 30. Rxc6 Rxc6 31. Rxc6 Rd1+ 32. Kh2 Rb1 33. Rxc5 Rxb2 34. Kg3 Ra2 35. Rxc4 Rxa3 36. Rc7 Kg6 37. Kf3 Ra2 38. g4 f6 39. Kg3 Rd2 40. h4 Rd5 41. h5+ Kh7 42. f4 Rd3 43. Kf3 Rd1 44. Ke4 Rg1 45. Kf5 Rg3 46. e4 Rg1 47. Rd7 Re1 48. Rd6 Re2 49. e5 fxe5 50. fxe5 Rf2+ 51. Ke4 Kg8 52. e6 Kf8 53. Rd7 Re2+ 54. Kf5 Rf2+ 55. Ke5 Re2+ 56. Kd5 Rd2+ 57. Kc6 Rc2+ 58. Kb7 Re2 59. Rf7+ Kg8 60. Re7 Kf8 61. Rf7+ Kg8 1/2-1/2

[Event "Betsys MČR v online bleskovém šachu 2021"]
[Site "Chess.com"]
[Date "2021.04.17"]
[Round "1"]
[White "SamikGame"]
[Black "vit_rosenbaum"]
[Result "1/2-1/2"]
[WhiteElo "1612"]
[BlackElo "2207"]
[TimeControl "180+1"]
[EndTime "9:07:53 PDT"]
[Termination "Remíza opakováním pozice"]

1. e4 e6 2. d4 d5 3. exd5 exd5 4.
Nf3 Bd6 5. Bd3 Bg4 6. h3 Bh5 7.
O-O Nc6 8. Nc3 Nxd4 9. g4 Nxf3+ 10. Qxf3 Bg6 11. Nxd5 Ne7 12. Bxg6 hxg6 13. Bg5 O-O 14. Nxe7+ Bxe7 15. Bxe7 Qxe7 16. Rfe1 Qb4 17. b3 Rfe8 18. Rxe8+ Rxe8 19. c3 Qc5 20. Rd1 c6 21. Rd7 Re7 22. Rd8+ Kh7 23. a4 Qg5 24. Rd1 f5 25. Kh2 Re4 26. gxf5 gxf5 27. Rd7 Re1 28. Qg3 Qxg3+ 29. Kxg3 Rc1 30. Rxb7 Rxc3+ 31. Kg2 Kg6 32. Rxa7 Rxb3 33. Rc7 Rc3 34. a5 Kf6 35. a6 g6 36. a7 Ra3 37.
Rxc6+ Kg5 38. Rc7 Kh5 39. Rf7 Kg5 40. Rc7 Kh5 41. Rb7 Kg5 42. Rc7 1/2-1/2

[Event "Betsys MČR v online bleskovém šachu 2021"]
[Site "Chess.com"]
[Date "2021.04.17"]
[Round "1"]
[White "Tlaskin"]
[Black "Lukuluss88"]
[Result "0-1"]
[WhiteElo "1367"]
[BlackElo "2079"]
[TimeControl "180+1"]
[EndTime "9:07:53 PDT"]
[Termination "Uživatel Lukuluss88 zvítězil na čas"]

1. e4 d5 2. exd5 Qxd5 3. Nc3 Qa5 4. d4 c6 5. Nf3 Bg4 6. h3 Bh5 7. Bd2 Qc7 8. g4 Bg6 9. Ne5 Nd7 10. Bf4 Nxe5 11.
Bxe5 Qd7 12. Qd2 f6 13. Bg3 Rd8 14. O-O-O e6 15. Bc4 Bf7 16. Rhe1 Be7 17. f4 Kf8 18.
Bb3 h5 19. Qf2 hxg4 20. hxg4 Nh6 21. Qf3 e5 22. fxe5 Qxg4 23. Qxg4 Nxg4 24. exf6 Bxf6 25.
Rf1 Ne3 26. Rxf6 gxf6 27. Re1 Ng2 28. Rg1 Ne3 29. Re1 Nd5 30. Nxd5 Bxd5 31. Rf1 Kf7 32. Bxd5+ Rxd5 0-1

[Event "Betsys MČR v online bleskovém šachu 2021"]
[Site "Chess.com"]
[Date "2021.04.17"]
[Round "1"]
[White "Maximon2012"]
[Black "Honza_13"]
[Result "1-0"]
[WhiteElo "1097"]
[BlackElo "1851"]
[TimeControl "180+1"]
[EndTime "9:07:53 PDT"]
[Termination "Uživatel Maximon2012 zvítězil na čas"]

1. g3 d5 2. Bg2 Nf6 3. Nf3 g6 4. O-O Bg7 5. d3 O-O 6. Nc3 c5 7. Bf4 Nc6 8. e4 Be6 9. e5 Nh5 10. Qd2 Nxf4 11. Qxf4 a6 12. Rad1 Rc8 13. Rfe1 Qc7 14.
Re2 d4 15. Na4 b6 16. b3 Bd5 17. Rde1 e6 18. c4 dxc3 19. Nxc3 Bxf3 20. Bxf3 Nd4 21.
Re4 Qc6 22. Rxd4 Qc7 23. Rde4 Rfd8 24. R4e3 b5 25. Rd1 Rd4 26. Qg5 h6 27. Qxg6 fxg6 28. Bh5 1-0

[Event "Betsys MČR v online bleskovém šachu 2021"]
[Site "Chess.com"]
[Date "2021.04.17"]
[Round "1"]
[White "TheFr0zenSun"]
[Black "MiroslavBucek"]
[Result "1-0"]
[WhiteElo "2234"]
[BlackElo "1609"]
[TimeControl "180+1"]
[EndTime "9:07:54 PDT"]
[Termination "Uživatel TheFr0zenSun zvítězil po vzdání soupeře"]

1. d4 d5 2. Bf4 Nf6 3. e3 c5 4. c3 Nc6 5. Nd2 Bg4 6. Qb3 Qd7 7. Ngf3 c4 8. Qd1 Ne4 9. Be2 Nxd2 10. Qxd2 e6 11. b3 b5 12. a4 bxa4 13. bxc4 Bd6 14. cxd5 exd5 15. Bxd6 Qxd6 16. Rxa4 O-O 17. c4 dxc4 18.
Rxc4 Rac8 19. O-O Rfd8 20. Rfc1 Ne7 21. Rxc8 Rxc8 22. h3 Bh5 23. Rxc8+ Nxc8 24. Ne5 Bxe2 25. Qxe2 f6 26. Qc4+ Kf8 27. Qxc8+ Ke7 28. Qb7+ Ke6 29. Nf3 Qb6 30. Qxb6+ axb6 31. Kf1 Kd5 32. Ke2 Kc4 33. Kd2 b5 34. Kc2 Kb4 35. Nd2 Ka4 36. d5 b4 37.
d6 1-0

[Event "Betsys MČR v online bleskovém šachu 2021"]
[Site "Chess.com"]
[Date "2021.04.17"]
[Round "1"]
[White "Z_u_z_i"]
[Black "Dvacetsekund"]
[Result "0-1"]
[WhiteElo "1545"]
[BlackElo "2194"]
[TimeControl "180+1"]
[EndTime "9:07:55 PDT"]
[Termination "Uživatel Dvacetsekund zvítězil matem"]

1. e4 c5 2. Nc3 Nc6 3. Bb5 Nd4 4. Bc4 e6 5. d3 Ne7 6. f4 Nec6 7. Nf3 Be7 8. O-O O-O 9. Nxd4 Nxd4 10. Ne2 Nxe2+ 11. Qxe2 Re8 12. Be3 d5 13. Bb3 dxe4 14. dxe4 Bd7 15.
Rad1 Qc7 16. Qf2 Bc6 17. Bxc5 Bxe4 18. Bxe7 Rxe7 19. c3 b6 20. Rd4 Bf5 21. Rfd1 Rae8 22. Qd2 h6 23. h3 Qc5 24. Kh1 Qc6 25. Rd8 Bxh3 26. Rxe8+ Rxe8 27. Bc2 Bf5 28. Bb3 Qc7 29. Qe3 Rd8 30. Rxd8+ Qxd8 31. Kh2 Qh4+ 32. Kg1 Qd8 33. g3 Qd6 34. Kf2 Qc6 35. Qd4 Qh1 36. Qd8+ Kh7 37.
Qe7 Be4 38. Qxf7 Qf3+ 39. Ke1 Qe3+ 40. Kd1 Bf3+ 41. Kc2 Qe2+ 42. Kc1 Qe1+ 43. Kc2 Be4# 0-1

[Event "Betsys MČR v online bleskovém šachu 2021"]
[Site "Chess.com"]
[Date "2021.04.17"]
[Round "1"]
[White "Qb1xh8"]
[Black "Kokos3"]
[Result "1-0"]
[WhiteElo "2137"]
[BlackElo "1488"]
[TimeControl "180+1"]
[EndTime "9:07:56 PDT"]
[Termination "Uživatel Qb1xh8 zvítězil po vzdání soupeře"]

1. e4 e5 2. Nf3 Nc6 3. Bb5 a6 4.
Ba4 Nf6 5. O-O b5 6. Bb3 Be7 7. d4 d6 8. c4 Nxd4 9. Nxd4 exd4 10. Qxd4 Bb7 11. Re1 O-O 12. Bf4 Nd7 13. cxb5 axb5 14. Nc3 Bc6 15. Bc2 Bf6 16. Qd2 Ne5 17. b3 g6 18. Bh6 Bg7 19. Bxg7 Kxg7 20. f4 Nd7 21. Rad1 Nc5 22. Bb1 Re8 23. Qd4+ Qf6 24. e5 Qh4 25. exd6+ Kg8 26. Rxe8+ Rxe8 27. Qf2 Qxf2+ 28. Kxf2 cxd6 29. Rxd6 Ne4+ 30. Bxe4 Bxe4 31. Rd4 Bc6 32. Nd5 Ra8 33. Ne7+ Kg7 34. Nxc6 Rxa2+ 35. Kf3 Rb2 36. Rb4 Rc2 37. Nd4 Rc3+ 38. Kf2 Rc2+ 39. Nxc2 Kf6 40. Rxb5 Ke7 41.
Re5+ Kd7 42. b4 1-0

[Event "Betsys MČR v online bleskovém šachu 2021"]
[Site "Chess.com"]
[Date "2021.04.17"]
[Round "1"]
[White "jarosymon"]
[Black "NeumanPetr"]
[Result "0-1"]
[WhiteElo "1781"]
[BlackElo "2505"]
[TimeControl "180+1"]
[EndTime "9:07:58 PDT"]
[Termination "Uživatel NeumanPetr zvítězil na čas"]

1. e4 c5 2. b4 cxb4 3. d4 d5 4. exd5 Nf6 5. a3 Nxd5 6. axb4 Nxb4 7. c3 N4c6 8. Nf3 e6 9. Ba3 Bxa3 10. Nxa3 b6 11.
Bd3 Bb7 12. O-O O-O 13. Nc4 h6 14. Qe2 Ne7 15. Nce5 Nd7 16. Be4 Bxe4 17. Qxe4 Nxe5 18. Nxe5 Qc7 19. Rac1 Rac8 20. g3 Rfd8 21. Qf3 Nc6 22. Ng4 Ne7 23. Ne5 Nd5 24. c4 Nf6 25. Rfd1 a6 26. h4 b5 27. cxb5 Qxc1 28. Rxc1 Rxc1+ 29. Kg2 axb5 30. Qf4 Rcc8 31. g4 Rf8 32. g5 Nd5 33. Qf3 hxg5 34. hxg5 b4 35. Qh5 b3 36. Kg3 Rc3+ 0-1

[Event "Betsys MČR v online bleskovém šachu 2021"]
[Site "Chess.com"]
[Date "2021.04.17"]
[Round "1"]
[White "Svandik49"]
[Black "honzasoucek"]
[Result "1-0"]
[WhiteElo "2270"]
[BlackElo "1638"]
[TimeControl "180+1"]
[EndTime "9:07:58 PDT"]
[Termination "Uživatel Svandik49 zvítězil na čas"]

1. Nf3 Nf6 2. b3 e6 3. Bb2 Be7 4. g3 O-O 5. Bg2 d5 6. O-O b6 7.
c4 Bb7 8. e3 Nbd7 9. Qe2 c5 10.
Nc3 dxc4 11. bxc4 e5 12. e4 Qc7 13. Nd5 Qd6 14. d3 Rfe8 15. Bc3 Bf8 16. Qb2 Rad8 17. Rad1 Nxd5 18. exd5 g6 19. Rde1 Bg7 20. Re2 Re7 21. Rfe1 Rde8 22. Bh3 f6 23. Be6+ Rxe6 24. dxe6 Qxe6 25.
Nd2 Qh3 26. f3 Qe6 27. Kg2 Qd6 28. Qc2 Nf8 29. Ne4 Qd7 30. Bb2 Ne6 31. a4 Nd4 32. Bxd4 Qxd4 33. Qc3 Qd7 34. Qc2 Rd8 35. Rd1 Qd4 36.
Qc3 1-0

[Event "Betsys MČR v online bleskovém šachu 2021"]
[Site "Chess.com"]
[Date "2021.04.17"]
[Round "1"]
[White "matykov"]
[Black "Petulak08"]
[Result "1-0"]
[WhiteElo "2001"]
[BlackElo "1230"]
[TimeControl "180+1"]
[EndTime "9:07:58 PDT"]
[Termination "Uživatel matykov zvítězil na čas"]

1. e4 e6 2. d4 d5 3. Nc3 Bb4 4. e5 c5 5. a3 Bxc3+ 6. bxc3 c4 7. Qg4 g6 8. f4 h5 9. Qd1 Nh6 10. Nf3 Bd7 11. Be2 Ba4 12. O-O Qa5 13. Bd2 Nd7 14. Rb1 Nb6 15. Qc1 Nf5 16. Qb2 h4 17. Qb4 Qxb4 18. Rxb4 Bxc2 19. Rc1 Bb3 20. Bd1 Bxd1 21.
Rxd1 h3 22. a4 hxg2 23. a5 Nd7 24. Rxb7 Ng3 25. Kxg2 Ne4 26. Ng5 Nxg5 27. fxg5 Rh5 28. Rdb1 Kd8 29. a6 Ke7 30. Rc7 Rah8 31. Bf4 Rh4 32. Bg3 Re4 33. Rbb7 Rd8 34. Kf3 Ke8 35. Rxa7 Nb6 36. Re7+ Kf8 37. Rxf7+ Kg8 38. Rg7+ Kf8 39. Raf7+ Ke8 40. Rb7 Kf8 41. Rgf7+ Ke8 42. Rh7 1-0

[Event "Betsys MČR v online bleskovém šachu 2021"]
[Site "Chess.com"]
[Date "2021.04.17"]
[Round "1"]
[White "Maty_2010"]
[Black "SajdlJosef"]
[Result "0-1"]
[WhiteElo "899"]
[BlackElo "1886"]
[TimeControl "180+1"]
[EndTime "9:07:59 PDT"]
[Termination "Uživatel SajdlJosef zvítězil na čas"]

1. e4 c6 2. Bc4 d5 3. exd5 cxd5 4. Bb5+ Nc6 5. Nf3 Nf6 6. Ne5 Qb6 7. Nc3 e6 8. O-O Bd6 9. d4 O-O 10. Be3 Nd7 11. Qh5 Ncxe5 12. dxe5 Bc5 13. Bxc5 Nxc5 14. b4 Ne4 15. Bd3 g6 16. Qh4 Nxc3 17. Rab1 Nxb1 18.
Rxb1 Bd7 19. b5 a6 20. a4 axb5 21. axb5 Qc7 22. h3 Qxe5 23. c3 Qxc3 24. Be2 Ra1 25. Rxa1 Qxa1+ 26. Kh2 Qe5+ 27. Kg1 Qxe2 28. g3 Bxb5 29.
Qb4 Rc8 30. h4 Rc1+ 31. Kg2 Qf1+ 32. Kf3 Be2+ 0-1

[Event "Betsys MČR v online bleskovém šachu 2021"]
[Site "Chess.com"]
[Date "2021.04.17"]
[Round "1"]
[White "Paulz64"]
[Black "Mimochodem"]
[Result "1-0"]
[WhiteElo "2514"]
[BlackElo "1787"]
[TimeControl "180+1"]
[EndTime "9:08:00 PDT"]
[Termination "Uživatel Paulz64 zvítězil matem"]

1. d4 d5 2. c4 c5 3. cxd5 Qxd5 4.
e3 cxd4 5. Nc3 Qd8 6. exd4 Nf6 7. Bc4 e6 8. Nf3 Bb4 9. O-O h6 10. Qe2 O-O 11. Rd1 Bxc3 12. bxc3 Nc6 13. Bd3 Re8 14. c4 Qa5 15. Bb2 Bd7 16. Ne5 Rad8 17. Qf3 Nxe5 18. dxe5 Bc6 19. Qg3 Ne4 20. Qe3 Nc5 21. Bc2 Na4 22.
Bd4 Nb6 23. Qd3 g6 24. Qg3 Kh7 25. h4 Nxc4 26. h5 Rg8 27. Qf4 Qd5 28. f3 Rg7 29.
Bc3 Qc5+ 30. Kh2 Rxd1 31. Rxd1 Nxe5 32. Qxe5 Qxe5+ 33. Bxe5 a6 34. Bxg7 Kxg7 35. hxg6 fxg6 36. Kg3 Kf6 37. Kf4 Bd5 38. Ke3 Bxa2 39. Be4 b6 40. Rd6 Bc4 41. Rxb6 Ke5 42. Rc6 Bb5 43.
Rc8 g5 44. g3 Bd7 45. Ra8 Bb5 46. f4+ gxf4+ 47. gxf4+ Kd6 48. Rh8 a5 49. Rxh6 a4 50. f5 Ke5 51. Rxe6# 1-0